 Dungeon Crawl Stone Soup version 0.25-a0-308-geac79542e2 (webtiles) character file.

Game seed: 8743357461168048697, levelgen mode: deterministic

655349 Losanti the Conqueror (level 27, -12/191 HPs)
             Began as a Minotaur Berserker on Dec 20, 2019.
             Was the Champion of Trog.
             Killed from afar by a green death (26 damage)
             ... with a bolt of poison
             ... on level 4 of the Realm of Zot on Dec 22, 2019.
             The game lasted 05:48:53 (74726 turns).

Losanti the Conqueror (Minotaur Berserker)         Turns: 74726, Time: 05:48:53

Health: -12/191    AC: 46    Str: 27 (29) XL:     27
Magic:  19/19      EV: 16    Int:  4      God:    Trog [******]
Gold:   5809       SH:  0    Dex:  9 (10) Spells: 26/26 levels left

rFire    + + +     SeeInvis +   a - +8 broad axe (freeze)
rCold    + . .     Gourm    .   z - +2 large shield
rNeg     . . .     Faith    .   G - +7 crystal plate armour
rPois    .         Spirit   .   (helmet restricted)
rElec    .         Reflect  +   h - +2 cloak {MR+}
rCorr    .         Harm     .   R - +5 pair of gloves of the Distant Future {rF+}
MR       +++++     Rnd*Rage +   I - +2 pair of boots {run}
Stlth    ..........             Z - amulet of Ugacyet {Reflect rF++ Str+4 SH+5}
HPRegen  0.00/turn              Y - ring "Jysyix" {MR++ Int+2 SInv}
MPRegen  0.16/turn              C - ring of protection from cold

@: confused, lethally poisoned (-12 -> -39), berserk cooldown, slowed, very slow
A: retaliatory headbutt, horns 2, berserk 3, blurry vision 3, clumsy 2, deformed
body, deterioration 2, dopey 2, frail 3, low mp 3, screaming 3, inhibited
regeneration, weak 2, evolution 1, no potion heal 2, subdued magic 3, MP-powered
wands
0: Orb of Zot
}: 3/15 runes: serpentine, barnacled, silver
a: Berserk, Trog's Hand, Brothers in Arms, Renounce Religion


You were on level 4 of the Realm of Zot.
You worshipped Trog.
Trog was exalted by your worship.
You were very full.

You visited 9 branches of the dungeon, and saw 49 of its levels.

You collected 6605 gold pieces.
You spent 796 gold pieces at shops.

Inventory:

Hand Weapons
 a - a +8 broad axe of freezing (weapon)
 b - a +9 broad axe of flaming
Armour
 e - the +2 scale mail of Parts Unknown {+Inv rElec rPois MR-}
   (You acquired it on level 4 of the Snake Pit)

   It insulates you from electricity.
   It protects you from poison.
   It affects your resistance to hostile enchantments.
   It lets you turn invisible.
 h - a +2 cloak of magic resistance (worn)
 z - a +2 large shield (worn)
 G - a +7 crystal plate armour (worn)
 I - a +2 pair of boots of running (worn)
 R - the +5 pair of gloves of the Distant Future (worn) {rF+}
   (You found it on level 10 of the Dungeon)

   It protects you from fire.
Jewellery
 m - an uncursed ring of protection from cold
 t - the ring "Tagooqop" {+Fly rN+}
   (You found it on level 15 of the Dungeon)

   [ring of flight]

   It protects you from negative energy.
   It lets you fly.
 y - an uncursed ring of protection from fire
 C - a ring of protection from cold (right hand)
 O - an uncursed ring of resist corrosion
 W - an uncursed ring of see invisible {unknown}
 Y - the ring "Jysyix" (left hand) {MR++ Int+2 SInv}
   (You found it on level 3 of the Elven Halls)

   [ring of see invisible]

   It affects your intelligence (+2).
   It affects your resistance to hostile enchantments.
   It lets you see invisible.
 Z - the amulet of Ugacyet (around neck) {Reflect rF++ Str+4 SH+5}
   (You found it on level 3 of the Elven Halls)

   [amulet of reflection]

   It shields you and reflects attacks.
   It affects your strength (+4).
   It greatly protects you from fire.
   It affects your SH (+5).
Wands
 j - a wand of scattershot (6)
 k - a wand of polymorph (26)
 v - a wand of digging (24)
 B - a wand of random effects (14)
 D - a wand of disintegration (19)
 E - a wand of flame (182)
 J - a wand of acid (39)
 N - a wand of clouds (7)
 S - a wand of paralysis (51)
 V - a wand of iceblast (52)
 X - a wand of enslavement (43)
Scrolls
 f - 3 scrolls of acquirement
 l - 5 scrolls of magic mapping
 n - 24 scrolls of teleportation
 p - 29 scrolls of remove curse
 r - 7 scrolls of fog
 w - 4 scrolls of blinking
 x - a scroll of brand weapon
 M - 33 scrolls of identify
 P - 2 scrolls of summoning
 Q - 8 scrolls of fear
 T - a scroll of enchant armour
 U - 7 scrolls of silence
Potions
 d - 3 potions of curing
 g - 4 potions of brilliance
 o - 2 potions of heal wounds
 q - a potion of resistance
 s - 3 potions of agility
 u - 4 potions of cancellation
 A - 7 potions of ambrosia
 F - 12 potions of flight
 H - 2 potions of invisibility
 K - a potion of haste
 L - 8 potions of might
Comestibles
 c - 37 rations


   Skills:
 O Level 27 Fighting
 - Level 18.0 Axes
 O Level 27 Armour
 + Level 22.8 Dodging
 O Level 27 Shields
 - Level 8.8 Evocations


You had 26 spell levels left.
You didn't know any spells.
Your spell library was empty.

Dungeon Overview and Level Annotations

Branches:
Dungeon (15/15)            Temple (0/1) D:4            Lair (6/6) D:8
 Shoals (4/4) Lair:4        Snake (4/4) Lair:3        Slime (0/5) Lair:6
    Orc (2/2) D:9             Elf (3/3) Orc:2        Vaults (5/5) D:14
  Crypt (0/3) Vaults:3     Depths (5/5) D:15            Zot (5/5) Depths:5

Altars:
Ashenzari
Cheibriados
Fedhas
Gozag
Kikubaaqudgha
Makhleb
Okawaru
Ru
Vehumet
Wu Jian
Xom
Yredelemnul
Zin
Beogh

Shops:
D:13 [(:![   Orc:2 *=([   Elf:3 ((([   Shoals:4 (   Snake:2 }   Snake:3 *
Snake:4 }   Depths:1 =}=   Depths:2 (

Portals:
Hell: Depths:1 Depths:2 Depths:3 Depths:4 Depths:5*
Abyss: Depths:2 Depths:4 Depths:5
Pandemonium: Depths:3
Ziggurat: Depths:3

Annotations:
D:4 3 runed translucent doors, MoonlitKnight's ghost, amateur GrFi
Lair:6 exclusion: 4 oklob plants
Shoals:1 3 runed translucent doors, exclusion: obsidian statue, Uttokecs's ghost, journeyman DrFE


Innate Abilities, Weirdness & Mutations

You reflexively headbutt those who attack you in melee.
You have a pair of horns on your head.
You have an uncontrollable temper.
Scrolls take you much longer to read.
You are very clumsy. (Dex -4)
Armour fits poorly on your strangely shaped body.
Your body often deteriorates upon taking damage.
You are very dopey. (Int -4)
You are extremely frail. (-30% HP)
Your magical capacity is extremely low. (-30% MP)
You frequently scream uncontrollably at your foes.
You do not regenerate when monsters are visible.
You are very weak. (Str -4)
You evolve.
Potions are poor at restoring your health.
Your spells are much easier to cast, but much less powerful.
You expend magic power (3 MP) to strengthen your wands.


Message History

The Orb Guardian hits you but does no damage.
The blizzard demon closely misses you. The blizzard demon hits you!
* * * LOW HITPOINT WARNING * * *
The Orb Guardian hits you!
* * * LOW HITPOINT WARNING * * *
The green death hits you.
* * * LOW HITPOINT WARNING * * *
The blizzard demon gestures at you. The bolt of cold misses you.
The Orb Guardian closely misses you. The green death closely misses you.
In your confused state, you trip and fall back down the stairs.
* * * LOW HITPOINT WARNING * * *
The Orb Guardian hits you.
* * * LOW HITPOINT WARNING * * *
The blizzard demon hits you but does no damage.
The blizzard demon closely misses you. The green death gestures at you.
The bolt of poison hits you!!
You are lethally poisoned!
You die...

####.............#....
#.##.........##.....#.
#...........###...###.
#...........# ##.###.#
#..........## #..##..#
#..)......## ##..##.##
#..........###..>#..##
#...22X#....##.......#
#....@####........##..
#....[# ##.......###.
##.#..# #......## ##
#.#..# ##.....# ###..#
#.....## #..#
##.#...#### #..#
#.##...... ##.#
#..#...... #.#
#..#......


You could see an Orb Guardian, a green death and a blizzard demon.

Vanquished Creatures
  An ancient lich (Zot:5)
  13 orbs of fire
  3 juggernauts
  Frederick (Depths:4)
  5 Killer Klowns
  Bai Suzhen (Depths:1)
  Margery (Vaults:5)
  Saint Roka (Depths:1)
  Xtahua (Depths:5)
  5 caustic shrikes
  13 golden dragons
  Nikola (Depths:1)
  A bone dragon (Depths:4)
  3 electric golems
  Rupert (Snake:1)
  12 tentacled monstrosities
  The ghost of Kuqudo the Champion of Chaos, an adept DDFi of Makhleb (Vaults:2)
  2 deep elf master archers (Elf:3)
  4 liches
  3 quicksilver dragons
  Asterion (Vaults:3)
  8 titans
  25 Orb Guardians (Zot:5)
  A deep elf blademaster (Elf:2)
  Gastronok (D:8)
  12 shadow dragons
  6 death cobs
  A kraken (Shoals:2)
  3 sphinxes
  3 tengu reavers
  Donald (Shoals:1)
  Kirke (D:15)
  3 draconian monks
  15 storm dragons
  9 nagarajas
  8 deep elf sorcerers
  An iron dragon (Depths:4)
  10 fire giants
  2 orc warlords (Orc:1)
  16 frost giants
  Louise (Depths:4)
  3 draconian knights
  16 vault wardens
  A ghost moth (Zot:5)
  6 draconian scorchers
  A juggernaut zombie (Depths:4)
  4 draconian shifters
  5 deep elf elementalists
  4 draconian stormcallers
  7 draconian annihilators
  3 war gargoyles (Vaults:5)
  24 very ugly things
  13 ironheart preservers
  5 spriggan defenders
  A stone giant (shapeshifter) (Vaults:4)
  4 vampire knights
  21 stone giants
  10 green draconians
  An entropy weaver (Vaults:4)
  8 yellow draconians
  13 deep elf annihilators
  A lorocyproca (Depths:3)
  10 black draconians
  10 red draconians
  5 deep elf demonologists
  Azrael (D:15)
  11 purple draconians
  6 spark wasps
  9 white draconians
  8 statues (Depths:4)
  3 deep elf death magi
  11 ettins
  9 fire dragons
  6 merfolk javelineers
  A quicksilver dragon zombie (Depths:4)
  5 merfolk impalers
  6 deep elf high priests
  9 great orbs of eyes
  18 yaktaur captains
  12 ogre magi
  4 rakshasas
  Erolcha (D:13)
  17 naga warriors
  2 hell beasts
  15 ice dragons
  8 spriggan air magi
  30 vault guards
  Fannar (Lair:1)
  2 catoblepae (Shoals:3)
  2 hydras
  3 merfolk avatars
  4 anacondas
  An anaconda (shapeshifter) (Vaults:5)
  9 centaur warriors
  32 two-headed ogres
  A satyr (Shoals:2)
  7 merfolk aquamancers
  6 death yaks (Lair:2)
  4 death knights
  3 deep troll earth magi
  28 dancing weapons
  8 deep troll shamans
  8 tengu warriors
  5 spriggan berserkers
  2 vampire magi
  5 shock serpents
  10 naga sharpshooters
  An orc high priest (Orc:2)
  A titan skeleton (Vaults:5)
  17 deep elf knights
  2 golden dragon zombies (Depths:1)
  A soul eater (Vaults:3)
  A sun demon (Depths:3)
  6 skeletal warriors
  3 flayed ghosts
  A storm dragon skeleton (Vaults:5)
  A shadow wraith (Vaults:1)
  5 salamander mystics
  An iron troll (Depths:2)
  3 unseen horrors
  22 hell knights
  22 deep trolls
  An unseen horror (shapeshifter) (Vaults:5)
  A spark wasp zombie (Depths:4)
  7 sea snakes
  5 glowing orange brains
  14 ironbrand convokers
  9 wizards
  7 naga ritualists
  15 deep elf archers
  2 sea snakes (shapeshifter)
  A sphinx zombie (Vaults:5)
  14 mana vipers
  3 phantasmal warriors (Vaults:5)
  19 necromancers
  16 orc knights
  14 harpies
  6 orc sorcerers
  3 wolf spiders
  12 manticores
  A mana viper (shapeshifter) (Vaults:5)
  56 deep elf magi
  A wolf spider (shapeshifter) (Depths:1)
  50 ugly things
  12 cyclopes
  A shining eye (Depths:4)
  14 salamanders
  A sphinx skeleton (Depths:5)
  14 fauns
  A stone giant zombie (Vaults:3)
  A frost giant zombie (Depths:1)
  10 merfolk sirens
  An elephant (shapeshifter) (Vaults:5)
  A frost giant skeleton (Depths:1)
  2 stone giant skeletons (Vaults:1)
  30 moths of wrath
  2 guardian serpents
  2 fire giant skeletons
  13 vault sentinels
  A guardian serpent (shapeshifter) (Vaults:5)
  33 naga magi
  2 rust devils
  Maurice (D:12)
  38 black mambas
  6 water nymphs
  17 spiny frogs
  2 gargoyles
  10 komodo dragons
  3 human zombies
  3 rime drakes
  2 yaktaur zombies
  A hellwing (Depths:3)
  A tormentor (Zot:5)
  3 kobold demonologists
  A spark wasp simulacrum (Depths:4)
  An elf skeleton (Depths:4)
  7 freezing wraiths
  15 trolls
  2 small abominations (Vaults:2)
  9 tengu conjurers
  46 yaktaurs
  15 merfolk
  3 tyrant leeches (Lair:6)
  2 hornets (shapeshifter)
  Grinder (D:3)
  11 hornets
  An ettin zombie (Vaults:3)
  30 blink frogs
  2 wind drakes
  11 dream sheep
  Prince Ribbit (Lair:2)
  A hippogriff (shapeshifter) (Depths:5)
  A tengu simulacrum (Vaults:5)
  A sphinx simulacrum (Depths:5)
  A harpy skeleton (Vaults:1)
  An ice dragon zombie (Depths:1)
  6 hippogriffs
  20 slime creatures
  5 snapping turtles
  An air elemental (Elf:1)
  12 spriggans
  4 wraiths
  19 water elementals
  2 tarantellas (shapeshifter)
  A yak (shapeshifter) (Depths:2)
  3 redbacks (Vaults:4)
  4 basilisks
  7 fire elementals
  A hog (D:15)
  15 yaks
  4 vampires
  A golden eye (shapeshifter) (Vaults:3)
  3 wyverns
  A neqoxec (Depths:3)
  A steam dragon (Lair:3)
  13 vampire mosquitoes
  6 human simulacra
  A yaktaur simulacrum (Depths:1)
  2 elf zombies (Vaults:1)
  42 nagas
  7 wargs
  3 acid dragons (D:15)
  10 hell hounds
  A floating eye (Depths:4)
  6 porcupines
  5 water moccasins
  4 ice beasts
  45 orc warriors
  A black bear (shapeshifter) (Vaults:2)
  A hornet zombie (D:6)
  A sky beast (D:15)
  A black bear (D:6)
  48 ogres
  9 wolves
  2 eyes of draining
  18 boggarts
  A wolf (shapeshifter) (Elf:3)
  2 crocodiles
  3 human skeletons (Vaults:1)
  A tengu (shapeshifter) (Depths:2)
  21 centaurs
  A crocodile (shapeshifter) (D:14)
  5 big kobolds
  29 bullfrogs
  A big kobold (shapeshifter) (Depths:2)
  Blork the orc (Orc:2)
  5 earth elementals
  3 gnoll sergeants (D:9)
  A wyvern zombie (D:7)
  A hornet simulacrum (Vaults:1)
  A scorpion (D:4)
  A water moccasin skeleton (D:7)
  9 killer bees
  A vampire bat (D:2)
  12 wights
  2 electric eels (Lair:6)
  3 howler monkeys
  11 crimson imps
  4 quasits
  4 centaur zombies
  3 bullfrog zombies
  2 jellies
  23 orc priests
  A bullfrog skeleton (D:12)
  33 orc wizards
  Ijyb (D:3)
  10 centaur skeletons
  6 hounds
  Crazy Yiuf (D:2)
  A gnoll shaman (D:4)
  4 iguanas
  7 worker ants
  A killer bee zombie (D:5)
  A hound skeleton (D:10)
  2 worker ant zombies
  Robin (D:3)
  11 gnolls
  14 adders
  5 shadow imps
  2 adder skeletons
  2 worms
  3 leopard geckos
  141 orcs
  2 bat skeletons (D:2)
  4 bat zombies (D:2)
  3 giant cockroaches
  14 goblins
  11 hobgoblins
  9 jackals
  2 quokkas
  3 ball pythons
  6 bats
  2 frilled lizards
  A giant cockroach zombie (D:5)
  A jackal zombie (D:6)
  17 kobolds
  A leopard gecko skeleton (D:4)
  A leopard gecko zombie (D:5)
  3 rats
  A fire vortex (Depths:4)
  3 fungi (Lair:6)
  23 plants
  3 tentacles (Shoals:2)
2289 creatures vanquished.

Vanquished Creatures (collateral kills)
  Mara (Shoals:3)
  A deep elf blademaster (Elf:3)
  A frost giant (Depths:3)
  Josephine (Snake:1)
  A naga sharpshooter (Snake:1)
  A naga mage (Snake:4)
  A wraith (Snake:1)
  2 nagas (Snake:1)
  2 orc warriors
  An ogre (D:9)
  2 gnoll sergeants (D:9)
  A gnoll (D:9)
15 creatures vanquished.

Vanquished Creatures (others)
  A caustic shrike (Depths:5)
  3 stone giants
  A yaktaur captain (Vaults:5)
  A naga warrior (Snake:4)
  An unseen horror (D:14)
  2 fauns (Shoals:4)
  A cyclops (Shoals:4)
  A manticore (Shoals:4)
  A red devil (Depths:5)
  19 yaktaurs
  A small abomination (Elf:3)
  2 water elementals
  A human (D:15)
  A boggart (Depths:2)
  2 centaurs
  5 fungi
  35 plants
  9 tentacles
87 creatures vanquished.

Grand Total: 2391 creatures vanquished

Notes
Turn   | Place    | Note
-------+----------+-------------------------------------------
     0 | D:1      | Losanti the Minotaur Berserker began the quest for the Orb.
     0 | D:1      | Reached XP level 1. HP: 19/19 MP: 0/0
   220 | D:1      | Reached XP level 2. HP: 27/27 MP: 1/1
   781 | D:2      | Reached XP level 3. HP: 20/33 MP: 2/2
  1213 | D:2      | Reached ** piety under Trog
  1230 | D:2      | Reached XP level 4. HP: 41/41 MP: 3/3
  1316 | D:2      | Found an ancient bone altar of Kikubaaqudgha.
  1398 | D:2      | Found a runed translucent door.
  1399 | D:2      | Noticed Crazy Yiuf
  1568 | D:2      | Killed Crazy Yiuf
  1568 | D:2      | Reached XP level 5. HP: 46/47 MP: 4/4
  1701 | D:3      | Noticed Ijyb
  1701 | D:3      | Noticed Robin
  1711 | D:3      | Reached skill level 5 in Fighting
  1712 | D:3      | Killed Ijyb
  1712 | D:3      | Reached skill level 5 in Axes
  1719 | D:3      | Killed Robin
  1855 | D:3      | Noticed Grinder
  1873 | D:3      | Killed Grinder
  1873 | D:3      | Reached skill level 5 in Armour
  1873 | D:3      | Reached XP level 6. HP: 57/57 MP: 5/5
  2042 | D:3      | Found a snail-covered altar of Cheibriados.
  2098 | D:3      | Found a blossoming altar of Fedhas.
  2482 | D:4      | Reached XP level 7. HP: 62/63 MP: 6/6
  2509 | D:4      | Reached *** piety under Trog
  2893 | D:4      | Noticed MoonlitKnight's ghost (amateur GrFi)
  2915 | D:4      | Found a runed translucent gate.
  2915 | D:4      | Found a runed translucent gate.
  2915 | D:4      | Found a runed translucent gate.
  3205 | D:4      | Found a glowing silver altar of Zin.
  3292 | D:4      | Found a staircase to the Ecumenical Temple.
  3325 | D:4      | Found a burning altar of Makhleb.
  3638 | D:5      | Entered Level 5 of the Dungeon
  3804 | D:5      | Got a twisted ring mail
  3810 | D:5      | Found a basalt altar of Yredelemnul.
  4711 | D:6      | Reached XP level 8. HP: 48/73 MP: 7/7
  5198 | D:6      | Reached **** piety under Trog
  5368 | D:6      | Found an ornate altar of the Wu Jian Council.
  5368 | D:6      | Found a shattered altar of Ashenzari.
  5463 | D:6      | Reached skill level 1 in Shields
  5983 | D:7      | Found an iron altar of Okawaru.
  6357 | D:7      | Reached XP level 9. HP: 66/82 MP: 8/8
  6486 | D:7      | Reached skill level 5 in Shields
  6646 | D:7      | Got a bloodstained short sword
  6838 | D:8      | Noticed Gastronok
  7550 | D:8      | Noticed a troll
  7562 | D:8      | Killed a troll
  7654 | D:8      | Found a staircase to the Lair.
  7771 | D:8      | Reached ***** piety under Trog
  7771 | D:8      | Received a gift from Trog
  7927 | D:8      | Found a sacrificial altar of Ru.
  8248 | D:9      | Identified the +5 scale mail "Nonomia" {Dex+7}
  8726 | D:9      | Found a staircase to the Orcish Mines.
  8726 | D:9      | Noticed a troll
  8740 | D:9      | Reached XP level 10. HP: 58/91 MP: 9/9
  9273 | D:10     | Entered Level 10 of the Dungeon
  9273 | D:10     | Noticed a cyclops
  9408 | D:10     | Reached skill level 10 in Fighting
  9500 | D:10     | Reached skill level 10 in Axes
  9507 | D:10     | Killed a cyclops
  9559 | D:10     | Received a gift from Trog
  9959 | D:10     | Got a pair of crude gloves
  9968 | D:10     | Identified the +5 pair of gloves of the Distant Future
                  | {rF+} (You found it on level 10 of the Dungeon)
  9979 | D:10     | Identified the +5 ring mail of the Hunter {Int+4} (You
                  | found it on level 5 of the Dungeon)
 10005 | D:10     | Identified the +2 short sword "Ewax" {flame, -Tele +Inv
                  | rElec Str-4} (You found it on level 7 of the Dungeon)
 10162 | Orc:1    | Entered Level 1 of the Orcish Mines
 10225 | Orc:1    | Noticed an orc warlord
 10242 | Orc:1    | Killed an orc warlord
 10242 | Orc:1    | Reached skill level 10 in Armour
 10242 | Orc:1    | Reached skill level 10 in Shields
 10242 | Orc:1    | Reached XP level 11. HP: 95/101 MP: 10/10
 10336 | Orc:1    | Found a roughly hewn altar of Beogh.
 10339 | Orc:1    | Noticed an orc sorcerer
 10350 | Orc:1    | Killed an orc sorcerer
 10479 | Orc:2    | Entered Level 2 of the Orcish Mines
 10496 | Orc:2    | Noticed an orc high priest
 10506 | Orc:2    | Killed an orc high priest
 10632 | Orc:2    | Noticed Blork the orc
 10638 | Orc:2    | Noticed an orc warlord
 10638 | Orc:2    | Noticed an orc sorcerer
 10639 | Orc:2    | Killed Blork the orc
 10639 | Orc:2    | Received a gift from Trog
 10641 | Orc:2    | Noticed an orc knight
 10668 | Orc:1    | Killed an orc sorcerer
 10686 | Orc:1    | Killed an orc warlord
 10813 | Orc:2    | Killed an orc knight
 10817 | Orc:2    | Noticed an orc knight
 10835 | Orc:2    | Killed an orc knight
 10841 | Orc:2    | Noticed an orc sorcerer
 10845 | Orc:2    | Found a roughly hewn altar of Beogh.
 10847 | Orc:2    | Noticed an orc sorcerer
 10847 | Orc:2    | Noticed an orc knight
 10849 | Orc:2    | Killed an orc sorcerer
 10902 | Orc:2    | Killed an orc sorcerer
 10906 | Orc:2    | Killed an orc knight
 10950 | Orc:2    | Found Toicu's Antique Weapon Shoppe.
 10958 | Orc:2    | Found Laenlef's General Store.
 11078 | Orc:2    | Bought a scroll of identify for 30 gold pieces
 11078 | Orc:2    | Bought a scroll of teleportation for 45 gold pieces
 11114 | Orc:2    | Noticed an orc knight
 11136 | Orc:2    | Killed an orc knight
 11136 | Orc:2    | Reached XP level 12. HP: 51/111 MP: 11/11
 11466 | Orc:2    | Found Bakhlad's Jewellery Shoppe.
 11477 | Orc:2    | Found a staircase to the Elven Halls.
 11516 | Orc:2    | Found Jabaf's Antique Armour Shoppe.
 11582 | Orc:1    | Received a gift from Trog
 12002 | Orc:2    | Bought a runed broad axe for 266 gold pieces
 12108 | Lair:1   | Entered Level 1 of the Lair of Beasts
 12289 | Lair:1   | Noticed Fannar
 12309 | Lair:1   | Killed Fannar
 13112 | Lair:2   | Noticed a death yak
 13112 | Lair:2   | Noticed a death yak
 13113 | Lair:2   | Noticed a death yak
 13113 | Lair:2   | Noticed a death yak
 13114 | Lair:2   | Noticed a death yak
 13118 | Lair:2   | Noticed a death yak
 13127 | Lair:2   | Killed a death yak
 13127 | Lair:2   | Killed a death yak
 13132 | Lair:2   | Killed a death yak
 13133 | Lair:2   | Killed a death yak
 13136 | Lair:2   | Killed a death yak
 13140 | Lair:2   | Killed a death yak
 13237 | Lair:2   | Noticed Prince Ribbit
 13259 | Lair:2   | Killed Prince Ribbit
 13426 | Lair:2   | Reached XP level 13. HP: 119/119 MP: 12/12
 13756 | Lair:3   | Received a gift from Trog
 13784 | Lair:3   | Found a staircase to the Snake Pit.
 14576 | Lair:4   | Found a staircase to the Shoals.
 14880 | Lair:4   | You fall into a shaft and drop 1 floor!
 15922 | Lair:6   | Entered Level 6 of the Lair of Beasts
 16051 | Lair:6   | Received a gift from Trog
 16488 | Lair:6   | Reached skill level 15 in Shields
 16650 | Lair:6   | Reached XP level 14. HP: 132/132 MP: 13/13
 17383 | Lair:6   | Found a staircase to the Slime Pits.
 17605 | D:8      | Killed Gastronok
 17963 | D:11     | Found a shattered altar of Ashenzari.
 18127 | D:11     | Found the +9 heavy crossbow "Sniper" {velocity, Acc+∞ SInv}
 18332 | D:12     | Received a gift from Trog
 18891 | D:12     | Noticed Maurice
 18901 | D:12     | Killed Maurice
 19149 | D:13     | Found Vamm's Antique Armour Boutique.
 19221 | D:13     | Noticed Erolcha
 19227 | D:13     | Killed Erolcha
 19274 | D:13     | Found Ciddegif's Distillery.
 19289 | D:13     | Received a gift from Trog
 19316 | D:13     | Bought 2 potions of invisibility for 208 gold pieces
 19316 | D:13     | Bought a potion of lignification for 39 gold pieces
 19316 | D:13     | Bought a potion of heal wounds for 65 gold pieces
 19316 | D:13     | Bought a potion of flight for 39 gold pieces
 19316 | D:13     | Bought a potion of ambrosia for 104 gold pieces
 19360 | D:13     | Found Liwemp's Antique Weapon Emporium.
 19378 | D:13     | Found Afyepig's Book Boutique.
 19617 | D:13     | Found Xuqevu's Armour Shoppe.
 19720 | D:14     | Reached skill level 15 in Axes
 19728 | D:14     | Reached skill level 15 in Fighting
 19980 | D:14     | Reached skill level 15 in Armour
 20001 | D:14     | Received a gift from Trog
 20363 | D:14     | Found a gate to the Vaults.
 20428 | D:15     | Entered Level 15 of the Dungeon
 20536 | D:15     | Paralysed by a great orb of eyes for 5 turns
 20588 | D:15     | Reached XP level 15. HP: 104/141 MP: 14/14
 20606 | D:15     | Got a pitted lapis lazuli ring
 20607 | D:15     | Identified the ring of Zin's Reproof {Fire Dex+3} (You
                  | found it on level 15 of the Dungeon)
 20721 | D:15     | Found a staircase to the Depths.
 20722 | D:15     | Noticed a frost giant
 20735 | D:15     | Killed a frost giant
 20868 | D:15     | Got a brightly glowing lapis lazuli ring
 21055 | D:15     | Noticed Azrael
 21076 | D:15     | Killed Azrael
 21118 | D:15     | Noticed Kirke
 21130 | D:15     | Killed Kirke
 21130 | D:15     | Received a gift from Trog
 21164 | D:15     | Identified the ring "Ofoxe" {+Fly Dex+2}
 21207 | D:15     | Identified the ring "Tagooqop" {+Fly rN+} (You found it on
                  | level 15 of the Dungeon)
 21208 | D:15     | Identified 2 scrolls of acquirement
 21254 | D:15     | Found an opulent altar of Gozag.
 21527 | D:15     | Found a glowing silver altar of Zin.
 21572 | D:15     | Found a shimmering altar of Xom.
 21849 | Lair:3   | Upgraded the game from 0.25-a0-302-g9f758675c1 to
                  | 0.25-a0-306-g3faca94807
 21850 | Snake:1  | Entered Level 1 of the Snake Pit
 21884 | Snake:1  | Noticed Josephine
 21888 | Snake:1  | Noticed Rupert
 22514 | Snake:1  | Killed Josephine
 22514 | Snake:1  | Received a gift from Trog
 22583 | Snake:1  | Killed Rupert
 22826 | Snake:1  | Reached XP level 16. HP: 107/152 MP: 15/15
 24062 | Snake:2  | Found Eddeis's Gadget Boutique.
 24145 | Snake:2  | Received a gift from Trog
 25604 | Snake:3  | Found a basalt altar of Yredelemnul.
 25748 | Snake:3  | Found Elar's Mayhem Merchandise.
 25993 | Snake:4  | Entered Level 4 of the Snake Pit
 26189 | Snake:4  | Got a smoking scale mail
 26202 | Snake:4  | Identified the +2 scale mail of Parts Unknown {+Inv rElec
                  | rPois MR-} (You acquired it on level 4 of the Snake Pit)
 26236 | Snake:4  | Got a shimmering amber ring
 26238 | Snake:4  | Identified the ring of the Thistle {rF- rN++ Int+2 Dex+3}
                  | (You acquired it on level 4 of the Snake Pit)
 26273 | Snake:4  | Received a gift from Trog
 26967 | Snake:4  | Found Yjaer's Gadget Emporium.
 26980 | Snake:4  | Reached XP level 17. HP: 163/163 MP: 16/16
 27726 | Snake:4  | HP: 7/163 [nagaraja/bolt of poison (9)]
 28557 | Snake:4  | Received a gift from Trog
 29424 | Snake:4  | Got a serpentine rune of Zot
 29796 | Elf:1    | Entered Level 1 of the Elven Halls
 30279 | Elf:1    | Received a gift from Trog
 31152 | Elf:2    | Received a gift from Trog
 31387 | Elf:2    | Reached XP level 18. HP: 167/174 MP: 17/17
 31411 | Elf:2    | Reached skill level 1 in Evocations
 31529 | Elf:2    | Found a runed translucent gate.
 31529 | Elf:2    | Found a runed translucent gate.
 31529 | Elf:2    | Found a runed translucent gate.
 31862 | Elf:2    | Received a gift from Trog
 32452 | Elf:3    | Entered Level 3 of the Elven Halls
 32542 | Elf:3    | Found Juoqotad's Antique Weapon Shoppe.
 32544 | Elf:3    | Found Seujoem's Weapon Emporium.
 32544 | Elf:3    | Found Soff's Antique Weapon Shoppe.
 32559 | Elf:3    | Found Qelez's Armour Emporium.
 33204 | Elf:3    | Received a gift from Trog
 33825 | Elf:3    | Reached skill level 5 in Evocations
 34012 | Elf:3    | Identified the +6 plate armour of Brilliance {rF++ Slay-5}
 34445 | Elf:3    | Got a slimy bronze ring
 34447 | Elf:3    | Got a vibrating copper amulet
 35277 | Shoals:1 | Entered Level 1 of the Shoals
 35550 | D:15     | Identified the ring "Jysyix" {MR++ Int+2 SInv} (You found
                  | it on level 3 of the Elven Halls)
 35552 | D:15     | Identified the amulet of Ugacyet {Reflect rF++ Str+4 SH+5}
                  | (You found it on level 3 of the Elven Halls)
 35830 | Shoals:1 | Noticed Donald
 35849 | Shoals:1 | Killed Donald
 36014 | Shoals:1 | Received a gift from Trog
 36032 | Shoals:1 | Found a runed translucent gate.
 36032 | Shoals:1 | Found a runed translucent gate.
 36032 | Shoals:1 | Found a runed translucent gate.
 36033 | Shoals:1 | Found an opulent altar of Gozag.
 36034 | Shoals:1 | Noticed Uttokecs's ghost (journeyman DrFE)
 36035 | Shoals:1 | Found Omiwany's Assorted Antiques.
 36035 | Shoals:1 | Found Zished's Assorted Antiques.
 36327 | Shoals:1 | Reached XP level 19. HP: 184/184 MP: 22/22
 37229 | Shoals:2 | You fall into a shaft and drop 1 floor!
 37478 | Shoals:3 | Received a gift from Trog
 38421 | Shoals:4 | Entered Level 4 of the Shoals
 38421 | Shoals:4 | Noticed Mara
 38423 | Shoals:4 | Noticed Losanti's illusion
 38464 | Shoals:3 | Killed Mara
 39704 | Shoals:4 | Received a gift from Trog
 40039 | Shoals:4 | Got a barnacled rune of Zot
 40169 | Shoals:4 | Found Isaicuun's Weapon Shop.
 40787 | Depths:1 | Entered Level 1 of the Depths
 41222 | Depths:1 | Received a gift from Trog
 41444 | Depths:1 | Found a gateway to Hell.
 41500 | Depths:1 | Noticed Saint Roka
 41590 | Depths:1 | Reached XP level 20. HP: 164/194 MP: 25/25
 41720 | Depths:1 | Found Cirush's Jewellery Shoppe.
 41720 | Depths:1 | Found Xongosk's Gadget Boutique.
 41721 | Depths:1 | Found Ynguaj's Jewellery Shoppe.
 42149 | Depths:1 | Killed Saint Roka
 42829 | Depths:2 | Found a one-way gate to the infinite horrors of the Abyss.
 42829 | Depths:2 | Noticed Nikola
 42829 | Depths:2 | Noticed Bai Suzhen
 42846 | Depths:1 | Received a gift from Trog
 42847 | Depths:1 | Killed Nikola
 43118 | Depths:1 | Killed Bai Suzhen
 44008 | Depths:2 | Received a gift from Trog
 44273 | Depths:2 | Found Pyotyd's Antique Weapon Shoppe.
 44312 | Depths:2 | Noticed a juggernaut
 44325 | Depths:2 | Killed a juggernaut
 44430 | Depths:2 | Noticed a juggernaut
 44450 | Depths:2 | Killed a juggernaut
 44450 | Depths:2 | Reached XP level 21. HP: 119/205 MP: 26/26
 44659 | Depths:2 | Found the +8 glaive of the Guard {elec, +Rage AC+5 SInv}
 45136 | Depths:3 | Received a gift from Trog
 45275 | Depths:3 | Found a gateway to a ziggurat.
 45284 | Depths:4 | Noticed a golden dragon
 45302 | Depths:4 | Killed a golden dragon
 45822 | Depths:3 | Found a blossoming altar of Fedhas.
 45877 | Depths:3 | Found a one-way gate leading to the halls of Pandemonium.
 45944 | Depths:3 | Received a gift from Trog
 46417 | Depths:3 | Noticed a juggernaut
 46429 | Depths:3 | Killed a juggernaut
 47190 | Depths:4 | Received a gift from Trog
 48024 | Depths:4 | Gained mutation: You have a pair of large horns on your
                  | head. [a shining eye]
 48099 | Depths:4 | Reached XP level 22. HP: 181/217 MP: 27/27
 48579 | Depths:4 | Received a gift from Trog
 48730 | Depths:5 | Entered Level 5 of the Depths
 48748 | Depths:5 | Paralysed by a floating eye for 3 turns
 48751 | Depths:5 | Noticed a caustic shrike
 48752 | Depths:5 | Noticed a caustic shrike
 49087 | Depths:5 | Noticed Louise
 49176 | Depths:4 | Killed Louise
 49715 | Depths:5 | Received a gift from Trog
 49729 | Depths:5 | Found a gate to the Realm of Zot.
 49729 | Depths:5 | Noticed a golden dragon
 49741 | Depths:5 | Killed a golden dragon
 50253 | Depths:5 | Noticed a caustic shrike
 50450 | Depths:5 | Noticed a caustic shrike
 50456 | Depths:5 | Killed a caustic shrike
 50464 | Depths:5 | Killed a caustic shrike
 50466 | Depths:5 | Killed a caustic shrike
 50490 | Depths:5 | Killed a caustic shrike
 50549 | Depths:5 | Killed a caustic shrike
 50790 | Depths:5 | Noticed Xtahua
 50805 | Depths:5 | Noticed a golden dragon
 50809 | Depths:5 | Killed Xtahua
 50818 | Depths:5 | Killed a golden dragon
 52148 | Depths:4 | Found a radiant altar of Vehumet.
 52148 | Depths:4 | Noticed Frederick
 52159 | Depths:4 | Killed Frederick
 52160 | Depths:4 | Reached XP level 23. HP: 196/228 MP: 28/28
 52239 | Depths:4 | Received a gift from Trog
 52962 | D:14     | Upgraded the game from 0.25-a0-306-g3faca94807 to
                  | 0.25-a0-308-geac79542e2
 52965 | Vaults:1 | Entered Level 1 of the Vaults
 53154 | Vaults:1 | Reached ****** piety under Trog
 53290 | Vaults:1 | Received a gift from Trog
 54018 | Vaults:1 | Received a gift from Trog
 54552 | Vaults:2 | Found a runed translucent gate.
 54553 | Vaults:2 | Found a runed translucent gate.
 54553 | Vaults:2 | Found a runed translucent gate.
 54553 | Vaults:2 | Noticed Kuqudo's ghost (adept DDFi)
 54621 | Vaults:2 | Killed Kuqudo's ghost
 54651 | Vaults:2 | Identified a +0 pair of boots of running (You found it on
                  | level 2 of the Vaults)
 55098 | Vaults:2 | Received a gift from Trog
 55482 | Vaults:2 | Identified the Volume of Sinister Conjuration
 55891 | Vaults:2 | Received a gift from Trog
 56632 | Vaults:3 | Noticed Asterion
 56644 | Vaults:3 | Killed Asterion
 56746 | Vaults:3 | Reached XP level 24. HP: 243/243 MP: 28/28
 56761 | Vaults:3 | Found a staircase to the Crypt.
 57386 | Vaults:3 | Received a gift from Trog
 58709 | Vaults:4 | Received a gift from Trog
 59019 | Vaults:5 | Entered Level 5 of the Vaults
 59096 | Vaults:5 | Received a gift from Trog
 59821 | Vaults:5 | Received a gift from Trog
 59915 | Vaults:5 | Reached XP level 25. HP: 255/255 MP: 28/28
 59924 | Vaults:5 | Reached skill level 27 in Fighting
 59950 | Vaults:5 | Reached skill level 27 in Armour
 60443 | Vaults:5 | Noticed Margery
 60946 | Vaults:5 | Killed Margery
 61183 | Vaults:5 | Identified the Papyrus of Damaging Clay
 61245 | Vaults:5 | Received a gift from Trog
 61278 | Vaults:5 | Got a silver rune of Zot
 61710 | Zot:1    | Entered Level 1 of the Realm of Zot
 61740 | Zot:1    | Identified the +2 flail "Taisyre" {antimagic, Int+4}
 62550 | Zot:1    | Reached skill level 27 in Shields
 63200 | Zot:1    | Reached skill level 5 in Dodging
 63374 | Zot:1    | Noticed a Killer Klown
 63374 | Zot:1    | Noticed a Killer Klown
 63394 | Zot:1    | Killed a Killer Klown
 63426 | Zot:1    | Killed a Killer Klown
 63557 | Zot:1    | Noticed an orb of fire
 63568 | Zot:1    | Killed an orb of fire
 64168 | Zot:1    | Received a gift from Trog
 64221 | Zot:1    | Reached skill level 10 in Dodging
 64543 | Zot:2    | Reached XP level 26. HP: 263/263 MP: 28/28
 66454 | Zot:3    | Received a gift from Trog
 67450 | Zot:4    | Reached skill level 15 in Dodging
 67506 | Zot:4    | Noticed an orb of fire
 67509 | Zot:4    | Gained mutation: You are dopey. (Int -2) [an orb of fire]
 67511 | Zot:4    | Gained mutation: You are very dopey. (Int -4) [an orb of
                  | fire]
 67808 | Zot:4    | Killed an orb of fire
 67905 | Zot:3    | Lost mutation: You are very dopey. (Int -4) [potion of
                  | mutation]
 67905 | Zot:3    | Lost mutation: You are dopey. (Int -2) [potion of mutation]
 67905 | Zot:3    | Lost mutation: You have a pair of large horns on your head.
                  | [potion of mutation]
 67905 | Zot:3    | Gained mutation: You are partially covered in large bone
                  | plates. (SH +4) [potion of mutation]
 67905 | Zot:3    | Gained mutation: Your mind is acute. (Int +2) [potion of
                  | mutation]
 67905 | Zot:3    | Gained mutation: Your body sometimes deteriorates upon
                  | taking damage. [potion of mutation]
 67905 | Zot:3    | Gained mutation: You are robust. (+10% HP) [potion of
                  | mutation]
 69687 | Zot:5    | Entered Level 5 of the Realm of Zot
 70363 | Zot:5    | Noticed an orb of fire
 70368 | Zot:5    | Noticed an orb of fire
 70369 | Zot:5    | Noticed an orb of fire
 70371 | Zot:5    | Gained mutation: Armour fits poorly on your strangely
                  | shaped body. [an orb of fire]
 70377 | Zot:5    | Noticed an orb of fire
 70379 | Zot:5    | Gained mutation: Your body often deteriorates upon taking
                  | damage. [an orb of fire]
 70379 | Zot:5    | Lost mutation: You are robust. (+10% HP) [an orb of fire]
 70384 | Zot:5    | Noticed an orb of fire
 70384 | Zot:5    | Gained mutation: You expend magic power (3 MP) to
                  | strengthen your wands. [an orb of fire]
 70388 | Zot:5    | Gained mutation: You are weak. (Str -2) [an orb of fire]
 70394 | Zot:5    | Gained mutation: Your spells are a little easier to cast,
                  | but a little less powerful. [an orb of fire]
 70399 | Zot:5    | Noticed an orb of fire
 70820 | Zot:5    | Gained mutation: You tend to lose your temper in combat.
                  | [an orb of fire]
 70823 | Zot:5    | Gained mutation: Your spells are easier to cast, but less
                  | powerful. [an orb of fire]
 70824 | Zot:5    | Gained mutation: You occasionally shout uncontrollably at
                  | your foes. [an orb of fire]
 70829 | Zot:5    | Gained mutation: You are very weak. (Str -4) [an orb of
                  | fire]
 70832 | Zot:4    | Gained mutation: Potions are less effective at restoring
                  | your health. [an orb of fire]
 70836 | Zot:4    | Gained mutation: You are frail. (-10% HP) [an orb of fire]
 70839 | Zot:4    | Killed an orb of fire
 70839 | Zot:4    | Reached XP level 27. HP: 184/245 MP: 28/28
 70840 | Zot:4    | Lost mutation: Armour fits poorly on your strangely shaped
                  | body. [an orb of fire]
 70853 | Zot:4    | Killed an orb of fire
 70860 | Zot:4    | Gained mutation: Scrolls take you a little longer to read.
                  | [an orb of fire]
 70862 | Zot:4    | Killed an orb of fire
 70862 | Zot:4    | Received a gift from Trog
 71111 | Zot:5    | Gained mutation: Armour fits poorly on your strangely
                  | shaped body. [an orb of fire]
 71119 | Zot:5    | Gained mutation: You are clumsy. (Dex -2) [an orb of fire]
 71128 | Zot:5    | Killed an orb of fire
 71133 | Zot:5    | Lost mutation: Your mind is acute. (Int +2) [an orb of
                  | fire]
 71137 | Zot:5    | Gained mutation: Scrolls take you longer to read. [an orb
                  | of fire]
 71146 | Zot:5    | Killed an orb of fire
 71313 | Zot:5    | Gained mutation: You are very frail. (-20% HP) [an orb of
                  | fire]
 71314 | Zot:5    | Gained mutation: Scrolls take you much longer to read. [an
                  | orb of fire]
 71333 | Zot:5    | Gained mutation: You are extremely frail. (-30% HP) [an orb
                  | of fire]
 71339 | Zot:5    | Killed an orb of fire
 71385 | Zot:5    | Lost mutation: Armour fits poorly on your strangely shaped
                  | body. [potion of mutation]
 71385 | Zot:5    | Lost mutation: Scrolls take you much longer to read.
                  | [potion of mutation]
 71385 | Zot:5    | Lost mutation: You are partially covered in large bone
                  | plates. (SH +4) [potion of mutation]
 71385 | Zot:5    | Lost mutation: You tend to lose your temper in combat.
                  | [potion of mutation]
 71385 | Zot:5    | Lost mutation: You are extremely frail. (-30% HP) [potion
                  | of mutation]
 71385 | Zot:5    | Gained mutation: You evolve. [potion of mutation]
 71937 | Zot:5    | Noticed an orb of fire
 71951 | Zot:5    | Noticed an orb of fire
 71981 | Zot:5    | Noticed an orb of fire
 71993 | Zot:5    | Noticed an orb of fire
 71994 | Zot:5    | Gained mutation: You are very clumsy. (Dex -4) [an orb of
                  | fire]
 71995 | Zot:5    | Gained mutation: You are extremely frail. (-30% HP) [an orb
                  | of fire]
 72434 | Zot:5    | Gained mutation: You tend to lose your temper in combat.
                  | [an orb of fire]
 72435 | Zot:5    | Gained mutation: You are dopey. (Int -2) [an orb of fire]
 72435 | Zot:5    | Gained mutation: You are very dopey. (Int -4) [an orb of
                  | fire]
 72436 | Zot:5    | Gained mutation: Your magical capacity is low. (-10% MP)
                  | [an orb of fire]
 72444 | Zot:5    | Gained mutation: Your spells are much easier to cast, but
                  | much less powerful. [an orb of fire]
 72451 | Zot:5    | Gained mutation: You often lose your temper in combat. [an
                  | orb of fire]
 72459 | Zot:4    | Gained mutation: You sometimes yell uncontrollably at your
                  | foes. [an orb of fire]
 72464 | Zot:4    | Killed an orb of fire
 72470 | Zot:4    | Killed an orb of fire
 72817 | Zot:5    | Gained mutation: Your magical capacity is very low. (-20%
                  | MP) [an orb of fire]
 72826 | Zot:5    | Gained mutation: You frequently scream uncontrollably at
                  | your foes. [an orb of fire]
 72833 | Zot:5    | Gained mutation: Your magical capacity is extremely low.
                  | (-30% MP) [an orb of fire]
 72847 | Zot:5    | Gained mutation: You do not regenerate when monsters are
                  | visible. [an orb of fire]
 72849 | Zot:5    | Killed an orb of fire
 73328 | Zot:5    | Noticed an ancient lich
 73333 | Zot:5    | Gained mutation: You have an uncontrollable temper. [an orb
                  | of fire]
 73342 | Zot:5    | Killed an orb of fire
 73345 | Zot:5    | Killed an ancient lich
 74006 | Zot:5    | Noticed an orb of fire
 74011 | Zot:5    | Gained mutation: Armour fits poorly on your strangely
                  | shaped body. [an orb of fire]
 74017 | Zot:5    | Gained mutation: Scrolls take you much longer to read. [an
                  | orb of fire]
 74303 | Zot:5    | Gained mutation: Potions are poor at restoring your health.
                  | [an orb of fire]
 74311 | Zot:5    | Killed an orb of fire
 74631 | Zot:5    | Got the Orb of Zot
 74726 | Zot:4    | Killed from afar by a green death

Levels and vault maps discovered:
D:1:      dpeg_arrival_stonehenge_12_columns, layout_basic
D:2:      layout_rooms, kennysheep_vampire_church, small_statue_intersection,
          grunt_ministairs_9, uniq_crazy_yiuf_cottage
D:3:      layout_loops_corners, cheibriados_altar_1, lemuel_round_altar,
          uniq_robin, uniq_ijyb, uniq_grinder
D:4:      layout_gridville, marbit_many_paths, minmay_temple_entry_antechambers,
          gammafunk_ghost_icy, bloody_makhleb
D:5:      layout_loops_corners, yredelemnul_altar_generic, first_ration
D:6:      layout_cave_pods, gammafunk_temple_overflow_statue
D:7:      layout_basic, kennysheep_mini_moat, the_bakery
D:8:      layout_basic, lemuel_doored_altar, dpeg_oklobed_lair, special_room
          [special_room_orc], uniq_gastronok
D:9:      layout_basic, kennysheep_orc_monster_closet_entryway, minivault_16
D:10:     layout_rooms, minmay_rotating_lava
D:11:     layout_rooms, st_stairs_14, ashenzari_altar_1
D:12:     layout_loops_ring, kennysheep_boxes, uniq_maurice
D:13:     layout_small_grid, serial_shops, nicolae_shop_trees, shop, shop, shop,
          shop, corner_web_ring, uniq_erolcha
D:14:     layout_rooms, david_vaults_4, chequers_serial_rivers_room_b
D:15:     hangedman_spin_cycle
Lair:1:   wander_river, layout_chaotic_city, grunt_forest_small_clearings,
          uniq_fannar
Lair:2:   layout_cave_pods, uniq_prince_ribbit2
Lair:3:   layout_misc_corridors, dummy_snake_entry, beast_lair_carwin_5,
          grunt_megastairs_1
Lair:4:   layout_long_grid, minmay_shoals_entry_centaurs,
          chequers_serial_rivers_micro_c
Lair:5:   layout_cave_pods, serial_bayou_lagoon_a
Lair:6:   minmay_lair_end_frog_pond, layout_layer_cave,
          minmay_slime_entry_oklob_open, minmay_hedge_maze
Shoals:1: layout_shoals, ebering_ghost_gozag, uniq_donald
Shoals:2: layout_shoals
Shoals:3: nzn_motion_control, layout_shoals
Shoals:4: shoals_end_grunt_garden, layout_shoals, serial_shops,
          nicolae_shop_trees, uniq_mara
Snake:1:  kennysheep_six_static_rooms, layout_grid_shapes, uniq_kirke,
          uniq_rupert, uniq_josephine
Snake:2:  layout_basic, serial_shops, shop
Snake:3:  layout_cave_town, basic_altar, minmay_shop_mayhem
Snake:4:  snake_pit, layout_layer_cave, serial_shops, nicolae_shop_statue_plus,
          drop_trap, guppyfry_library_mini
Orc:1:    layout_caves, basic_altar, minmay_orc_barracks
Orc:2:    grunt_orc_cross, layout_caves
Elf:1:    eino_elf_arrival_the_gate, layout_geoelf_octagon,
          hangedman_elf_represent, palyth_stone_intersect
Elf:2:    layout_onion_city, drop_trap
Elf:3:    minmay_elf_hall_dome, layout_geoelf_grid, minmay_shoptagon
Vaults:1: hangedman_vaults_slither, nicolae_vaults_triangles,
          nicolae_vaults_big_ls, nicolae_vaults_twisting_passages,
          ontoclasm_vaults_loading_screen, grunt_vaults_swirl,
          hangedman_vaults_river_flow, ontoclasm_vaults_claustrophobia,
          ontoclasm_vaults_bender, vaults_room_door_ring,
          nicolae_vaults_circle_grid_a, vaults_room_hallway,
          nicolae_vaults_diagonal_hallway_8, layout_vaults_omnibox
Vaults:2: gammafunk_vaults_ghost_split, v_rooms_2, v_misc_5, vaults_dpeg_doors,
          nicolae_vaults_three_branches, ontoclasm_vaults_shuriken,
          grunt_vaults_funnel, vaults_room_stairs_pillars,
          nicolae_vaults_circle_grid_a, vaults_mumra_chevron, st_check,
          hangedman_vaults_nails, v_pattern_2, vaults_dpeg_encased_lava,
          layout_vaults_omnigrid
Vaults:3: v_misc_19, ontoclasm_vaults_hangar, v_misc_25, hangedman_vaults_slice,
          minmay_crypt_entry_simple_round, hangedman_vaults_cutoff,
          nicolae_vaults_little_squares_5, ontoclasm_vaults_chip,
          nicolae_vaults_mini_display_case, v_pattern_4, v_misc_13,
          layout_vaults_chaotic_city, uniq_asterion
Vaults:4: nicolae_vaults_back_hallway, ontoclasm_vaults_pinch,
          hangedman_vaults_impose, grunt_vaults_diagonal, vaults_room_door_ring,
          hangedman_vaults_stitches, v_misc_1, nicolae_vaults_theta,
          serial_ice_b, ontoclasm_vaults_ring_large, ontoclasm_vaults_idyll,
          serial_ice_g, nicolae_vaults_specimen_jars, layout_vaults_omnicross
Vaults:5: uniq_margery
Depths:1: minmay_textured_paths, layout_cave_pools,
          serial_sigils_hangedman_carve, hell_entry, lemuel_nasty_fountain,
          minmay_shop_grove, uniq_saint_roka
Depths:2: minmay_guarded_unrand_guard, layout_cave_shapes,
          pf_dread_powers_of_hell, serial_shops, shop, roderic_lattice_a,
          abyss_entry, hangedman_decor_peaks_small,
          minmay_staircase_windowed_small, uniq_nikola, uniq_bai_suzhen
Depths:3: minmay_inside_and_out, layout_long_grid, enter_ziggurat_f, hell_entry,
          lemuel_crystal_altar, rand_demon_pan_entry_4, mu_enter_wizlab_2,
          minmay_evil_grid
Depths:4: evilmike_halls_of_destruction, layout_cave_pools,
          abyss_entry_small_statue_room, hell_entry, moated_statue,
          minmay_misc_feat_room, firewood_loft
Depths:5: grunt_crosshair, layout_cave_pools, grunt_mini_vestibule,
          serial_column_ruins, column_ruins_portal_squares,
          column_ruins_courtyard_long, column_ruins_grid_1, column_ruins_grid_1,
          column_ruins_columns_plus, column_ruins_columns_corner,
          column_ruins_columns_straight, column_ruins_grid_1, glass_columns_a,
          nicolae_abyss_entry_one_way_or_another, grunt_ministairs_2,
          lemuel_nasty_fountain, uniq_xtahua
Zot:1:    grunt_zot_stairs_mandelzot, layout_misc_corridors
Zot:2:    layout_cathedral_of_symmetry
Zot:3:    layout_gridville
Zot:4:    layout_cathedral_of_symmetry
Zot:5:    layout_twisted_circle

Skill      XL: |  1  2  3  4  5  6  7  8  9 10 11 12 13 14 15 16 17 18 19 20 21 22 23 24 25 26 27 |
---------------+----------------------------------------------------------------------------------+-----
Fighting       | 4 5 6 7 8 9 10 11 12 14 15 16 17 18 19 20 21 22 23 25 26 27 | 27.0
Axes           | 4 5 6 7 8 9 10 11 13 14 15 16 17 18 | 18.0
Armour         | 3 5 6 7 9 10 11 12 14 15 16 17 18 19 20 21 22 23 25 26 27 | 27.0
Dodging        | 3 10 18 22 | 22.8
Shields        | 4 7 10 12 13 15 16 17 18 19 20 21 22 23 24 25 27 | 27.0
Evocations     | 5 8 |  8.8

Action                   |  1- 3 |  4- 6 |  7- 9 | 10-12 | 13-15 | 16-18 | 19-21 | 22-24 | 25-27 || total
-------------------------+-------+-------+-------+-------+-------+-------+-------+-------+-------++-------
Melee: Hand axe          |    60 |    98 |   270 |       |       |       |       |       |       ||   428
       Headbutt          |    13 |    18 |   113 |   136 |   295 |   331 |   361 |   458 |   377 ||  2102
       War axe           |       |       |   284 |   130 |       |       |       |       |       ||   414
       Broad axe         |       |       |       |   366 |   983 |  1439 |  1230 |  1338 |  1285 ||  6641
Invok: Berserk           |     1 |     2 |     4 |     3 |     2 |     6 |     3 |     1 |     1 ||    23
       Brothers in Arms  |       |       |       |     2 |     2 |     3 |     3 |       |       ||    10
       Trog's Hand       |       |       |       |       |     3 |       |       |       |       ||     3
 Abil: Evoke Flight      |       |       |       |       |     1 |     1 |     1 |       |       ||     3
Evoke: Wand              |       |       |       |       |     2 |       |     1 |       |       ||     3
  Use: Scroll            |       |       |       |    10 |    19 |    13 |     8 |    12 |     7 ||    69
       Potion            |       |       |       |     5 |     4 |    14 |     1 |     5 |    12 ||    41
 Stab: Distracted        |       |       |       |       |       |       |     1 |       |       ||     1
       Invisible         |       |       |       |       |       |       |       |     1 |       ||     1
       Confused          |       |       |       |       |       |       |       |       |     1 ||     1
  Eat: Chunk             |     2 |     5 |    20 |    14 |    14 |    10 |    15 |    16 |     4 ||   100
       Ration            |       |       |     1 |     2 |     6 |    12 |     8 |     7 |    15 ||    51
Armor: Animal skin       |     1 |       |       |       |       |       |       |       |       ||     1
       Leather armour    |    10 |    17 |       |       |       |       |       |       |       ||    27
       Chain mail        |       |    34 |       |       |       |       |       |       |       ||    34
       Plate armour      |       |       |   292 |       |    39 |   348 |       |       |       ||   679
       Skin              |       |       |     1 |       |       |       |       |       |       ||     1
       Scale mail        |       |       |    22 |   132 |   302 |    29 |       |       |       ||   485
       Crystal plate arm |       |       |       |       |       |    10 |   454 |   336 |   297 ||  1097
Dodge: Dodged            |    35 |    58 |   129 |   103 |   200 |   158 |   155 |   160 |   210 ||  1208
Block: Large shield      |       |       |   314 |   452 |   982 |  1312 |  1449 |  1505 |  1159 ||  7173
       Reflection        |       |       |       |       |       |    10 |   125 |   194 |    46 ||   375

Table legend:
 A = Non-vault XP
 B = Vault XP
 C = Vault XP percentage of total XP
 D = Non-vault monster count
 E = Vault monster count
 F = Vault count percentage of total count
                 A         B        C        D         E       F
            +---------+---------+-------+---------+---------+-------
      Total |  835584 |  839851 |  50.1 |    1476 |     828 |  35.9
            +---------+---------+-------+---------+---------+-------
        D:1 |      25 |       0 |   0.0 |      15 |       0 |   0.0
        D:2 |      77 |     109 |  58.6 |      23 |       8 |  25.8
        D:3 |      86 |     361 |  80.8 |      15 |      13 |  46.4
        D:4 |     240 |      13 |   5.1 |      19 |       1 |   5.0
        D:5 |     351 |       0 |   0.0 |      22 |       0 |   0.0
        D:6 |     548 |       0 |   0.0 |      18 |       0 |   0.0
        D:7 |     992 |     229 |  18.8 |      35 |       1 |   2.8
        D:8 |     773 |    2541 |  76.7 |      14 |      21 |  60.0
        D:9 |    1017 |    1541 |  60.2 |      26 |      20 |  43.5
       D:10 |    2524 |    6303 |  71.4 |      38 |      14 |  26.9
       D:11 |    1540 |     235 |  13.2 |      12 |       2 |  14.3
       D:12 |    7036 |     445 |   5.9 |      41 |       1 |   2.4
       D:13 |    5107 |     995 |  16.3 |      36 |       1 |   2.7
       D:14 |   10633 |     854 |   7.4 |      45 |       2 |   4.3
       D:15 |    6537 |   41156 |  86.3 |       5 |      75 |  93.8
     Lair:1 |    2845 |     971 |  25.4 |      12 |       1 |   7.7
     Lair:2 |    8528 |    1047 |  10.9 |      21 |       4 |  16.0
     Lair:3 |    5808 |    2604 |  31.0 |      25 |       9 |  26.5
     Lair:4 |    1530 |     225 |  12.8 |       8 |       2 |  20.0
     Lair:5 |     902 |       0 |   0.0 |       3 |       0 |   0.0
     Lair:6 |    6381 |   10598 |  62.4 |      24 |      43 |  64.2
   Shoals:1 |   11161 |    2080 |  15.7 |      24 |       1 |   4.0
   Shoals:2 |   14843 |       0 |   0.0 |      26 |       0 |   0.0
   Shoals:3 |   15160 |   13209 |  46.6 |      29 |      10 |  25.6
   Shoals:4 |    9605 |   13167 |  57.8 |      23 |      22 |  48.9
    Snake:1 |   18382 |    5879 |  24.2 |      36 |      11 |  23.4
    Snake:2 |   18514 |       0 |   0.0 |      33 |       0 |   0.0
    Snake:3 |   12014 |     153 |   1.3 |      21 |       1 |   4.5
    Snake:4 |   20179 |   35589 |  63.8 |      40 |      54 |  57.4
      Orc:1 |    1647 |    4251 |  72.1 |      18 |      23 |  56.1
      Orc:2 |    4107 |    5746 |  58.3 |      43 |      26 |  37.7
      Elf:1 |   15194 |    9380 |  38.2 |      29 |      13 |  31.0
      Elf:2 |   17085 |   21801 |  56.1 |      31 |      26 |  45.6
      Elf:3 |   15022 |   35546 |  70.3 |      24 |      23 |  48.9
   Vaults:1 |   30619 |   20618 |  40.2 |      62 |      43 |  41.0
   Vaults:2 |   24432 |   32547 |  57.1 |      47 |      40 |  46.0
   Vaults:3 |   24966 |   17080 |  40.6 |      40 |      17 |  29.8
   Vaults:4 |   20656 |   15311 |  42.6 |      31 |      19 |  38.0
   Vaults:5 |   30859 |  134484 |  81.3 |      52 |     100 |  65.8
   Depths:1 |   43865 |   23829 |  35.2 |      52 |      22 |  29.7
   Depths:2 |   44626 |   29573 |  39.9 |      59 |      14 |  19.2
   Depths:3 |   34502 |   32522 |  48.5 |      42 |      22 |  34.4
   Depths:4 |   75571 |   41336 |  35.4 |      86 |      34 |  28.3
   Depths:5 |   47370 |   30013 |  38.8 |      43 |      20 |  31.7
      Zot:1 |   54599 |   46189 |  45.8 |      32 |      25 |  43.9
      Zot:2 |   45376 |       0 |   0.0 |      32 |       0 |   0.0
      Zot:3 |   39992 |       0 |   0.0 |      25 |       0 |   0.0
      Zot:4 |   52501 |   42450 |  44.7 |      20 |       5 |  20.0
      Zot:5 |   29257 |  156871 |  84.3 |      19 |      39 |  67.2
            +---------+---------+-------+---------+---------+-------
